Map: Ascension to Aiur LE

Players

NoRegreT - Winner!

  • Race: Zerg Zerg
  • Spawn Location: 11:00

Semper

  • Race: Terran Terran
  • Spawn Location: 5:00

Event: WCS Montreal 2017

VOD

Have the link to the VOD?

Description

Time

  • Played on: Sept. 8, 2017, 12:51 p.m.
  • Length: 17:23

All games in this series

Show
View Real Time Build Order
Export as new Build Order

NoRegreT Zerg - Winner!

Build Orders: Hatch First 

Get SALT Encoding   

  12  0:00  Drone  
  13  0:12  Overlord  
  13  0:21  Drone  
  14  0:31  Drone x2  
  14  0:34  Drone  
  17  0:53  Hatchery  
  17  0:56  Drone  
  17  0:59  Drone  
  18  1:10  Extractor  
  17  1:13  Spawning Pool  
  17  1:17  Drone  
  17  1:20  Drone  
  18  1:29  Drone  
  19  1:40  Overlord  
  19  1:49  Drone  
  20  2:00  Queen  
  20  2:01  Zergling x2  
  23  2:05  Queen  
  23  2:06  Zergling x2  
  26  2:10  Metabolic Boost  
  26  2:14  Drone  
  27  2:16  Drone  
  27  2:22  Drone  
  29  2:27  Drone  
  30  2:33  Drone  
  30  2:39  Drone  
  30  2:44  Drone  
  32  2:45  Queen x2  
  36  2:53  Overlord  
  36  2:54  Overlord  
  36  3:14  Overlord, Drone, Zergling x4  
  36  3:15  Drone x3  
  36  3:16  Drone x2  
  44  3:37  Hatchery  
  44  3:38  Drone, Evolution Chamber x2  
  44  3:39  Drone  
  42  3:42  Drone x2  
  42  3:46  Drone  
  43  3:52  Drone x2  
  43  3:53  Overlord  
  45  4:01  Overlord  
  45  4:02  Zergling x2  
  46  4:04  Zergling x6  
  46  4:06  Zergling x2  
  46  4:09  Spore Crawler  
  49  4:16  Drone  
  48  4:17  Zerg Melee Weapons Level 1  
  48  4:19  Zerg Ground Armor Level 1  
  48  4:24  Zergling x6  
  51  4:27  Zergling x4  
  51  4:30  Zergling x4  
  56  4:34  Baneling Nest  
  56  4:37  Zergling x2  
  56  4:39  Zergling x2  
  56  4:45  Zergling x2  
  56  4:49  Overlord  
  56  4:50  Zergling x2  
  56  4:51  Spore Crawler  
  55  4:53  Spore Crawler, Drone  
  55  4:54  Drone  
  55  4:55  Drone  
  55  4:57  Zergling x4  
  59  5:00  Zergling x2  
  59  5:03  Zergling x4  
  59  5:06  Drone  
  63  5:07  Drone  
  64  5:16  Drone  
  65  5:21  Drone  
  65  5:22  Spore Crawler, Drone x2  
  65  5:24  Drone  
  65  5:25  Drone  
  66  5:31  Drone x3  
  66  5:32  Drone  
  66  5:35  Baneling x2  
  69  5:39  Baneling  
  69  5:40  Baneling x3  
  69  5:41  Zergling x2  
  69  5:42  Zergling x8  
  72  5:43  Zergling x2  
  72  5:44  Zergling x2  
  72  5:46  Zergling x2  
  73  6:02  Zergling x4  
  73  6:03  Zergling x4  
  74  6:04  Zergling x4  
  74  6:06  Zergling x4  
  74  6:07  Zergling x2  
  74  6:08  Zergling x4  
  75  6:12  Extractor x2  
  75  6:15  Lair  
  75  6:16  Zergling x2  
  75  6:17  Zergling x6  
  76  6:19  Queen x2  
  76  6:20  Drone  
  81  6:27  Drone  
  81  6:28  Overlord  
  82  6:34  Overlord  
  80  6:41  Drone x2  
  80  6:42  Overlord  
  80  6:44  Drone  
  80  6:46  Overlord  
  81  6:48  Drone x2  
  81  6:49  Extractor, Drone x4  
  81  6:52  Drone x2  
  88  6:56  Drone  
  89  7:03  Drone x3  
  89  7:05  Drone x2  
  93  7:11  Drone  
  93  7:12  Drone  
  94  7:19  Drone x3  
  94  7:22  Extractor  
  96  7:29  Zergling x2  
  97  7:30  Zergling x8  
  97  7:31  Zergling x6  
  97  7:32  Hatchery  
  97  7:33  Zergling x2  
  97  7:34  Zergling x4  
  97  7:36  Extractor  
  105  7:40  Zergling x2  
  105  7:41  Zergling x6  
  101  7:45  Zergling x2  
  101  7:49  Centrifical Hooks  
  100  7:52  Hydralisk Den, Drone x2  
  100  7:55  Infestation Pit, Drone  
  100  7:56  Baneling  
  100  7:57  Baneling x3  
  100  7:58  Drone  
  102  8:01  Drone x3  
  102  8:02  Zergling x2  
  106  8:12  Overseer  
  106  8:14  Baneling x3  
  106  8:15  Zergling x10  
  106  8:19  Zergling x2  
  110  8:25  Baneling x7  
  110  8:26  Zergling x4  
  112  8:28  Zergling x4  
  112  8:31  Overlord  
  114  8:35  Overlord, Muscular Augments  
  114  8:40  Overlord  
  114  8:41  Spore Crawler  
  114  8:42  Drone  
  114  8:46  Overlord, Hydralisk x3  
  120  8:50  Hydralisk  
  120  8:51  Hydralisk  
  120  8:52  Hydralisk  
  120  8:54  Hydralisk  
  128  8:57  Hydralisk  
  130  9:07  Hive  
  130  9:08  Hydralisk x2  
  134  9:10  Zergling x4  
  134  9:13  Zergling x8  
  134  9:14  Zergling x4  
  134  9:15  Zergling x4  
  144  9:18  Zergling x6  
  145  9:25  Evolution Chamber  
  145  9:27  Zergling x2  
  145  9:31  Evolution Chamber x2  
  133  9:34  Hydralisk  
  133  9:35  Hydralisk x2  
  133  9:37  Hydralisk x6  
  137  9:42  Zergling x8  
  137  9:44  Drone x3  
  142  9:48  Hydralisk  
  143  9:53  Zergling x2  
  143  9:55  Zerg Melee Weapons Level 2  
  144  10:00  Baneling x7  
  144  10:11  Zergling x6  
  144  10:13  Zergling x4  
  135  10:18  Zergling x10  
  135  10:19  Zergling x2  
  135  10:20  Zergling x2  
  129  10:22  Zergling x2  
  129  10:23  Zergling x2  
  129  10:25  Zergling x2  
  129  10:28  Ultralisk Cavern, Zergling x2  
  132  10:30  Zergling x2  
  132  10:33  Zergling x2  
  125  10:36  Zergling x4  
  125  10:40  Adrenal Glands  
  125  10:42  Zergling x2  
  128  10:44  Hydralisk x2  
  128  10:45  Baneling  
  128  10:46  Drone, Baneling x4  
  133  10:52  Drone  
  133  10:56  Drone x3  
  133  10:57  Drone x2, Zergling x4  
  139  10:59  Zergling x4  
  139  11:01  Zergling x2  
  139  11:03  Hatchery, Zergling x2  
  142  11:09  Zergling x2  
  142  11:10  Zergling x2  
  142  11:11  Zergling x2  
  141  11:12  Zergling x2  
  141  11:17  Chitinous Plating  
  137  11:19  Ultralisk  
  140  11:26  Overlord  
  140  11:28  Baneling x4  
  140  11:31  Overlord  
  140  11:46  Ultralisk x2  
  149  11:50  Ultralisk x2  
  149  11:52  Drone x5  
  149  11:53  Drone x3  
  146  12:02  Drone x3  
  146  12:03  Drone x3  
  152  12:09  Baneling  
  152  12:10  Baneling x3  
  152  12:11  Ultralisk  
  152  12:12  Zergling x2  
  152  12:14  Zergling x2  
  160  12:19  Zerg Melee Weapons Level 3  
  160  12:24  Zerg Ground Armor Level 2  
  160  12:27  Zergling x4  
  160  12:28  Zergling x2  
  160  12:29  Drone  
  165  12:30  Drone  
  164  12:46  Overlord  
  164  12:50  Overlord  
  164  12:52  Zergling x2  
  164  12:56  Overlord  
  165  13:02  Overlord  
  165  13:05  Ultralisk  
  171  13:16  Ultralisk x2  
  171  13:17  Ultralisk  
  171  13:18  Zergling x6  
  184  13:24  Zergling x10  
  184  13:25  Zergling x6  
  191  13:27  Zergling x8  
  191  13:28  Zergling x2  
  191  13:30  Zergling x2  
  191  13:33  Zergling x4  
  197  13:44  Ultralisk x2, Baneling  
  197  13:45  Baneling x2  
  186  13:50  Queen  
  177  13:55  Drone  
  177  13:56  Drone  
  177  13:57  Hydralisk x2  
  177  13:58  Baneling  
  177  13:59  Baneling x2  
  177  14:01  Hydralisk x2  
  187  14:04  Hydralisk  
  187  14:08  Overlord  
  189  14:22  Extractor  
  189  14:23  Hydralisk  
  189  14:24  Hydralisk  
  188  14:26  Overlord  
  188  14:28  Zergling x2  
  188  14:29  Zergling x4  
  192  14:33  Zergling x2  
  192  14:34  Hatchery, Zergling x6  
  192  14:35  Zergling x2  
  192  14:36  Zergling x4  
  155  14:46  Zergling x16  
  163  14:53  Baneling x3  
  163  14:55  Zergling x4  
  163  14:56  Baneling x2  
  163  14:57  Ultralisk x3  
  180  15:14  Baneling x10  
  180  15:15  Zergling x32  
  180  15:16  Hatchery, Zergling x4  
  180  15:18  Zergling x2  
  198  15:21  Zergling x2  
  198  15:26  Extractor x2, Drone  
  176  15:46  Zergling x4  
  176  15:48  Zergling x2  
  176  15:49  Zergling x20  
  160  15:50  Zergling x6  
  160  15:56  Zergling x6  
  154  15:58  Zergling x2  
  154  16:01  Zergling x2  
  154  16:02  Zergling x4  
  150  16:05  Ultralisk  
  150  16:07  Baneling  
  150  16:08  Baneling x3  
  150  16:09  Viper x2, Baneling  
  162  16:14  Drone  
  162  16:15  Drone x3  
  162  16:16  Drone x2  
  158  16:27  Ultralisk  
  158  16:32  Ultralisk  
  168  16:38  Zergling x18  
  176  16:43  Ultralisk  
  179  16:48  Zergling x2  
  181  16:57  Zergling x12  
  181  16:59  Baneling x4  
  181  17:00  Zergling x6, Baneling x2  
  181  17:01  Zergling x2  
  191  17:02  Zergling x2  
  191  17:04  Zergling x6  
Show
View Real Time Build Order
Export as new Build Order

Semper Terran 

Build Orders: Reaper Expand, Bio Tank, Hellion Banshee 

Get SALT Encoding   

  12  0:01  SCV  
  13  0:13  SCV  
  14  0:17  Supply Depot  
  14  0:25  SCV  
  15  0:38  SCV  
  15  0:39  Barracks  
  16  0:44  Refinery  
  16  0:50  SCV  
  17  1:02  SCV  
  18  1:14  SCV  
  19  1:27  Orbital Command, Reaper  
  20  1:41  Command Center  
  20  1:51  Supply Depot  
  20  1:53  SCV  
  21  1:59  Marine  
  22  2:05  SCV  
  23  2:09  Factory  
  23  2:17  SCV  
  23  2:18  Refinery  
  23  2:21  Barracks Reactor  
  24  2:29  SCV  
  25  2:41  SCV  
  26  2:53  Orbital Command  
  26  2:54  Starport, SCV  
  27  3:02  Hellion x2  
  31  3:06  Barracks Tech Lab  
  31  3:07  SCV  
  32  3:19  SCV  
  33  3:20  SCV  
  33  3:23  Hellion x2  
  38  3:31  SCV  
  39  3:36  SCV  
  39  3:40  Viking  
  42  3:43  SCV  
  42  3:51  Hellion x2  
  46  3:55  Cloaking Field  
  46  3:56  Supply Depot  
  46  3:57  Supply Depot  
  46  4:14  SCV x2  
  44  4:17  Banshee  
  44  4:22  Command Center  
  47  4:24  Supply Depot  
  47  4:27  SCV x2  
  47  4:28  Hellion  
  53  4:31  Hellion  
  53  4:32  Barracks Tech Lab  
  53  4:39  SCV  
  53  4:43  SCV  
  55  4:49  Supply Depot  
  54  4:53  Marine, Stimpack  
  54  4:55  Supply Depot  
  54  4:56  Supply Depot  
  54  4:59  SCV  
  56  5:03  Banshee  
  56  5:04  Barracks  
  56  5:06  Factory Reactor  
  59  5:08  SCV  
  59  5:10  Marine  
  61  5:15  Barracks  
  61  5:16  SCV  
  61  5:19  Refinery x2  
  61  5:20  SCV  
  63  5:27  Engineering Bay  
  61  5:28  Marine, SCV  
  61  5:33  Factory Tech Lab  
  59  5:36  SCV  
  59  5:40  SCV  
  59  5:42  Orbital Command  
  59  5:46  Marine, Engineering Bay  
  59  5:49  SCV  
  59  5:53  SCV  
  60  6:01  SCV  
  60  6:04  Supply Depot, Marine  
  58  6:05  SCV  
  58  6:07  Marine  
  58  6:08  SCV  
  57  6:13  SCV  
  57  6:19  Siege Tank  
  57  6:23  Terran Infantry Weapons Level 1  
  57  6:24  Terran Infantry Armor Level 1  
  60  6:26  Barracks  
  60  6:27  Barracks  
  60  6:28  Barracks Reactor  
  60  6:29  Starport Reactor, SCV  
  60  6:32  SCV x2  
  63  6:37  Marine  
  64  6:42  SCV  
  64  6:44  Orbital Command, Marine x2  
  64  6:46  SCV  
  68  6:51  Siege Tank  
  71  6:55  Marine, SCV  
  71  6:57  Combat Shields  
  71  6:59  SCV  
  74  7:02  Marine x2  
  74  7:03  Armory  
  74  7:07  Marine, SCV  
  74  7:08  Medivac x2, Marine  
  80  7:13  Marine, SCV  
  80  7:15  Barracks Reactor  
  86  7:16  SCV  
  86  7:19  SCV  
  86  7:20  Marine, Barracks Reactor  
  88  7:23  Siege Tank  
  88  7:25  SCV  
  88  7:26  Marine x2  
  88  7:27  Marine  
  88  7:28  SCV  
  96  7:31  SCV  
  96  7:33  Marine  
  98  7:37  Marine, SCV  
  98  7:42  SCV  
  93  7:44  SCV  
  93  7:46  Marine  
  93  7:50  SCV  
  96  7:56  Marine x5  
  96  7:57  Siege Tank, Marine x3  
  107  8:00  SCV  
  107  8:01  Terran Vehicle Weapons Level 1, SCV  
  109  8:06  Supply Depot x2  
  109  8:07  Supply Depot  
  109  8:21  Supply Depot  
  109  8:23  Marine x7, SCV  
  109  8:24  Factory  
  109  8:25  Refinery x2  
  117  8:27  Marine x2, SCV x2  
  117  8:28  Medivac  
  123  8:35  SCV  
  123  8:39  SCV x2  
  123  8:40  Marine x3  
  129  8:43  Terran Infantry Armor Level 2, Terran Infantry Weapons Level 2  
  129  8:47  SCV  
  129  8:48  Supply Depot  
  130  8:51  Marine  
  130  8:52  SCV x2  
  133  8:58  Siege Tank  
  133  8:59  SCV  
  133  9:02  Medivac  
  139  9:10  Medivac, Marine  
  139  9:15  Marine x2  
  139  9:16  Marine x2  
  139  9:17  Factory Tech Lab  
  146  9:24  Marine  
  147  9:30  SCV  
  147  9:31  SCV  
  149  9:34  Marine x4  
  149  9:36  Siege Tank  
  153  9:38  Supply Depot  
  153  9:40  Supply Depot, Marine  
  151  9:47  Marine  
  151  9:52  Siege Tank  
  141  9:57  Command Center  
  141  9:58  Marine x4  
  141  9:59  Barracks, Marine x3  
  148  10:00  Barracks x2  
  148  10:02  Medivac  
  150  10:13  Siege Tank, Marine  
  129  10:15  Marine  
  129  10:16  Marine x2  
  129  10:17  Marine  
  129  10:20  Marine x4  
  123  10:23  Medivac  
  120  10:31  Marine  
  120  10:33  Marine  
  120  10:34  Marine x2  
  120  10:35  Marine  
  124  10:38  Marine x4  
  129  10:44  Siege Tank  
  129  10:49  Marine  
  133  10:50  Supply Depot  
  133  10:51  Marine, Barracks Tech Lab x2  
  133  10:52  Marine x2, Barracks Tech Lab  
  133  10:53  Marine  
  133  10:56  Marine  
  138  11:00  Siege Tank  
  138  11:04  Marine  
  138  11:06  Marine  
  138  11:07  Marine x2  
  138  11:08  SCV  
  138  11:09  Marine x2  
  138  11:10  Marine  
  138  11:11  Marine x2  
  142  11:16  Marine  
  142  11:17  SCV  
  138  11:20  Terran Infantry Armor Level 3, Terran Infantry Weapons Level 3  
  138  11:24  Marauder x2  
  141  11:27  Siege Tank  
  141  11:29  SCV  
  141  11:30  SCV  
  146  11:40  Siege Tank  
  146  11:45  Marine  
  145  11:51  SCV  
  142  11:59  Siege Tank, Marine x3  
  142  12:00  Marauder  
  140  12:03  Planetary Fortress  
  140  12:05  Marine, Marauder x2  
  140  12:06  Sensor Tower  
  145  12:12  Marine  
  145  12:13  Marine, Marauder  
  149  12:16  Liberator x2, Marine  
  149  12:20  SCV x2  
  149  12:21  Marauder  
  154  12:23  Marine x3  
  163  12:37  Starport  
  163  12:38  Starport, Marauder  
  164  12:53  Marauder  
  164  12:54  Marauder x2  
  164  12:55  Siege Tank  
  164  12:57  Marine x2  
  175  13:00  Marauder  
  177  13:06  Marine  
  177  13:12  Refinery  
  177  13:13  Marine x2, Refinery  
  177  13:15  Marauder x2  
  177  13:16  Medivac x2  
  187  13:20  Marine x2, Marauder  
  187  13:26  Siege Tank  
  166  13:49  Supply Depot  
  166  13:54  Liberator x2  
  154  14:01  Orbital Command  
  153  14:04  Liberator x2  
  149  14:11  Marine x3, Marauder x2  
  158  14:20  Siege Tank  
  167  14:30  Marine  
  167  14:31  Marauder  
  170  14:33  Marauder  
  172  14:41  Marine x2  
  172  14:44  Marine, Marauder  
  164  14:53  Supply Depot  
  164  14:55  Supply Depot  
  164  15:04  Marine  
  164  15:05  Supply Depot  
  165  15:14  Orbital Command  
  165  15:15  Marauder  
  165  15:18  Command Center  
  167  15:23  Supply Depot  
  167  15:26  Marine x2, Marauder  
  171  15:33  Marine  
  139  15:44  Marauder  
  102  15:55  Marine, Marauder  
  97  16:01  Marine  
  87  16:36  Orbital Command, Marine  
  81  16:48  Marine x7  
  86  16:58  SCV  
  87  17:03  Marine  
Tags
 
Add a new tag
Caveats
  • Supply blocks, unpowered buildings, or Contaminate may cause inaccurate times.
  • Supply counts are checked every 10 seconds.